 Dungeon Crawl Stone Soup version 0.18.1-50-g88ac8fd (webtiles) character file.

6 Amnesiac the Shield-Bearer (level 1, -7/13 HPs)
             Began as a Deep Elf Fighter on Mar 2, 2018.
             Killed from afar by Ijyb (19 damage)
             ... with a wand of lightning
             ... on level 3 of the Dungeon.
             The game lasted 00:00:29 (449 turns).

Amnesiac the Shield-Bearer (Deep Elf Fighter)        Turns: 449, Time: 00:00:29

Health: -7/13      AC:  6    Str: 13    XL:     1   Next: 75%
Magic:  3/3        EV:  7    Int: 12    God:
Gold:   8          SH:  8    Dex: 14    Spells: 0 memorised, 0 levels left

rFire  . . .     SeeInvis .     a - +0 rapier
rCold  . . .     Gourm    .     b - +0 scale mail
rNeg   . . .     Faith    .     c - +0 shield
rPois  .         Spirit   .     (no helmet)
rElec  .         Dismiss  .     (no cloak)
rCorr  .         Reflect  .     (no gloves)
SustAt .         Harm     .     (no boots)
MR     .....                    (no amulet)
Stlth  ..........               (no ring)
                                (no ring)

@: not resistant to hostile enchantments, extremely unstealthy
A: no striking features
a: no special abilities


You were on level 3 of the Dungeon.
You were not hungry.

You visited 1 branch of the dungeon, and saw 3 of its levels.

You collected 8 gold pieces.

Inventory:

Hand Weapons
 a - a +0 rapier (weapon)
Armour
 b - a +0 scale mail (worn)
 c - a +0 shield (worn)
 h - a +0 buckler
Scrolls
 e - 2 scrolls of fear {!r, unknown}
 g - a scroll of random uselessness {!r, unknown}
Potions
 d - a potion of might {!q}
Comestibles
 f - a bread ration
 i - a meat ration
 j - 3 chunks of flesh


   Skills:
 - Level 2.4 Fighting
 - Level 2.0 Short Blades
 - Level 2.4 Armour
 + Level 1.7 Dodging
 - Level 2.4 Shields


You couldn't memorise any spells.
You didn't know any spells.

Dungeon Overview and Level Annotations

Branches:
Dungeon (3/15)

Altars:

Annotations:
D:3 Ijyb


Message History

g - a scroll labeled JUAJUANINEO {!r} A hobgoblin comes into view.
It is wielding a club.
The hobgoblin shouts!
A hobgoblin is nearby!
You closely miss the hobgoblin. You block the hobgoblin's attack.
You hit the hobgoblin.
The hobgoblin is moderately wounded.
You block the hobgoblin's attack.
You puncture the hobgoblin!
You kill the hobgoblin!
Things that are here:
a club; a hobgoblin corpse
Things that are here:
a club; a hobgoblin corpse You butcher the hobgoblin corpse.
j - 2 chunks of flesh
Things that are here:
a club; a hobgoblin skeleton You now have 8 gold pieces.
Found an escape hatch in the ceiling.
A quokka comes into view.
A quokka is nearby!
A quokka is nearby!
You miss the quokka. The quokka closely misses you.
You hit the quokka.
The quokka is heavily wounded.
You block the quokka's attack.
You closely miss the quokka.
The quokka is heavily wounded.
The quokka closely misses you. The quokka bites you.
You barely miss the quokka.
The quokka is heavily wounded.
You block the quokka's attack. The quokka barely misses you.
You hit the quokka but do no damage.
The quokka is heavily wounded.
The quokka bites you but does no damage.
You closely miss the quokka.
The quokka is heavily wounded.
You block the quokka's attack. x2
You barely miss the quokka.
The quokka is heavily wounded.
The quokka bites you but does no damage.
You closely miss the quokka.
The quokka is heavily wounded.
The quokka bites you.
The quokka bites you but does no damage.
You hit the quokka.
You kill the quokka!
No target in view!
You see here a quokka corpse.
No target in view!
No target in view!
You butcher the quokka corpse.
j - 3 chunks of flesh (gained 1)
You start resting.
HP restored.
You open the door.
There is an open door here.
You open the door.
Ijyb the Twisted Goblin comes into view.
Ijyb shouts!
Ijyb zaps a wand.
The bolt of lightning hits you!
Ouch! That really hurt!
You die...

..# ##+# #.# ##...##
###.# ##.....## . #.#.#
##.......## ...
....###.........###.....
......+.........@......?
....###.........###.....
....)..#.......## ...
###.##.##.....## g
###.##.###...## #...##.#
##'## #.#.##.# #.#######
#.#.##.# #........
.<.....# ##.#######


You could see Ijyb.

Vanquished Creatures
  A giant cockroach (D:1)
  A goblin (D:1)
  A hobgoblin (D:3)
  A quokka (D:3)
  A rat (D:1)
5 creatures vanquished.

Notes
Turn   | Place    | Note
--------------------------------------------------------------
     0 | D:1      | Amnesiac the Deep Elf Fighter began the quest for the Orb.
     0 | D:1      | Reached XP level 1. HP: 13/13 MP: 3/3
     2 | D:1      | Noticed an ogre
     2 | D:1      | Noticed a merfolk
     4 | D:1      | Noticed a human
     4 | D:1      | Noticed a minotaur
     6 | D:1      | Noticed a tengu
     8 | D:1      | Noticed a felid
     8 | D:1      | Noticed a dwarf
    10 | D:1      | Noticed a demigod
    10 | D:1      | Noticed a centaur
    12 | D:1      | Noticed a gargoyle
    12 | D:1      | Noticed a formicid
    14 | D:1      | Noticed a halfling
    14 | D:1      | Noticed a demonspawn
    16 | D:1      | Noticed a vine stalker
    16 | D:1      | Noticed an octopode
    18 | D:1      | Noticed a spriggan
    18 | D:1      | Noticed a vampire
    20 | D:1      | Noticed a troll
    20 | D:1      | Noticed an elf
    24 | D:1      | Noticed a ghoul
    24 | D:1      | Noticed a naga
    26 | D:1      | Noticed a draconian
    67 | D:1      | Reached skill level 1 in Dodging
   449 | D:3      | Noticed Ijyb
   449 | D:3      | Killed from afar by Ijyb

Skill      XL: |  1 |
---------------+----+-----
Dodging        | 1 |  1.7
Fighting       | |  2.4
Short Blades   | |  2.0
Armour         | |  2.4
Shields        | |  2.4

Action                   || total
-------------------------++-------
Melee: Rapier            ||    31
Armor: Scale mail        ||    11
Dodge: Dodged            ||    10
Block: Shield            ||    22
